Map: Blackburn LE

Players

Tolot - Winner!

  • Race: Protoss Protoss
  • League: Bronze

Tolo

  • Race: Zerg Zerg
  • League: Master

VOD

Have the link to the VOD?

Description

Time

  • Played on: Sept. 12, 2021, 1:30 p.m.
  • Length: 26:09
Show
View Real Time Build Order
Export as new Build Order

Tolot Protoss - Winner!

Build Orders: 1 Gate Expand 

Get SALT Encoding   

  12  0:00  Probe  
  13  0:14  Pylon  
  13  0:17  Probe  
  14  0:29  Probe (Chrono Boost)  
  15  0:39  Probe (Chrono Boost)  
  16  0:43  Gateway  
  16  0:44  Probe (Chrono Boost)  
  17  0:53  Assimilator  
  17  0:55  Probe  
  18  1:07  Probe  
  19  1:32  Probe  
  20  1:35  Nexus  
  20  1:39  Cybernetics Core  
  20  1:44  Probe  
  21  1:56  Probe  
  22  2:06  Pylon  
  22  2:23  Zealot (Chrono Boost)  
  24  2:35  Warp Gate (Chrono Boost)  
  24  2:41  Stalker (Chrono Boost)  
  27  2:44  Probe  
  27  2:51  Probe  
  27  2:56  Probe  
  29  3:03  Probe  
  30  3:08  Probe  
  30  3:10  Pylon  
  30  3:12  Pylon  
  31  3:15  Probe  
  32  3:20  Probe  
  32  3:22  Assimilator  
  33  3:31  Gateway  
  33  3:33  Assimilator  
  33  3:35  Assimilator  
  33  3:46  Probe, Gateway  
  34  3:50  Pylon  
  34  3:52  Probe  
  35  3:59  Probe  
  36  4:04  Pylon  
  36  4:05  Probe  
  37  4:11  Probe  
  37  4:17  Probe  
  39  4:20  Twilight Council  
  39  4:23  Probe  
  40  4:25  Sentry  
  40  4:26  Pylon  
  40  4:27  Sentry  
  40  4:29  Probe  
  40  4:30  Pylon  
  45  4:35  Probe  
  46  4:41  Probe  
  47  4:47  Probe  
  47  4:50  Stalker  
  47  4:52  Zealot x2  
  52  4:53  Probe  
  52  4:59  Probe  
  56  5:05  Probe  
  56  5:06  Templar Archives  
  57  5:17  Adept x3  
  57  5:18  Probe  
  57  5:19  Probe  
  65  5:27  Resonating Glaives  
  65  5:31  Probe  
  66  5:49  Nexus  
  66  5:50  Pylon  
  66  5:52  Pylon  
  66  5:56  Pylon  
  66  5:59  Forge  
  66  6:09  Sentry, Gateway  
  66  6:10  Gateway  
  68  6:13  Gateway  
  68  6:14  Gateway  
  68  6:17  High Templar x2  
  72  6:24  Probe x2  
  74  6:31  Protoss Ground Weapons Level 1 (Chrono Boost)  
  74  6:35  Photon Cannon  
  74  6:36  Probe  
  74  6:38  Photon Cannon  
  74  6:39  Probe  
  75  6:40  Shield Battery  
  75  6:44  Probe  
  76  6:47  Probe  
  76  6:52  Probe  
  76  6:53  Psionic Storm  
  78  6:55  Probe  
  78  6:57  Charge  
  78  6:58  Zealot x3  
  86  7:02  Probe  
  86  7:07  Probe  
  88  7:09  Assimilator  
  88  7:11  Probe  
  88  7:14  Probe, Assimilator  
  90  7:23  Photon Cannon  
  90  7:24  Pylon  
  90  7:25  Pylon  
  90  7:31  High Templar x4  
  90  7:34  Zealot  
  90  7:36  Zealot  
  102  7:38  Zealot  
  104  7:44  Pylon  
  104  7:46  Probe x2  
  104  7:47  Probe  
  104  7:50  Pylon  
  107  7:57  Zealot  
  107  7:58  Probe x2  
  111  8:10  Zealot x4  
  111  8:11  Zealot x2  
  123  8:27  Gateway x2  
  123  8:29  Gateway  
  123  8:32  Gateway  
  123  8:34  Gateway, Stalker  
  123  8:35  Stalker x3  
  123  8:37  High Templar  
  123  8:38  High Templar  
  123  8:39  High Templar  
  137  8:42  Archon  
  137  8:49  Pylon  
  137  8:53  Pylon, Protoss Ground Weapons Level 2 (Chrono Boost)  
  137  8:55  Pylon  
  137  9:03  High Templar  
  137  9:06  Pylon, High Templar  
  137  9:07  High Templar  
  137  9:09  Archon  
  143  9:12  Archon  
  141  9:25  Zealot x2  
  141  9:26  Zealot x2  
  149  9:34  Zealot x5  
  149  9:36  Zealot  
  161  9:39  Zealot x2  
  165  9:50  Nexus  
  165  9:53  Pylon  
  165  9:57  Assimilator  
  165  9:58  Pylon  
  165  10:01  Assimilator  
  135  10:28  Zealot x3  
  135  10:29  Zealot x5  
  135  10:30  Zealot x4  
  137  11:06  Zealot x3  
  137  11:07  Zealot x7  
  137  11:08  Zealot x2  
  161  11:17  Gateway  
  161  11:18  Gateway  
  161  11:21  Gateway x2  
  161  11:29  Stalker  
  161  11:30  Stalker x4  
  171  11:34  High Templar x3  
  171  11:36  High Templar  
  171  11:37  High Templar  
  171  11:38  High Templar  
  183  11:40  High Templar  
  167  12:24  Stalker  
  167  12:25  Stalker x5  
  167  12:26  Stalker x4  
  167  12:27  Stalker x2  
  143  13:26  Archon  
  115  13:32  Zealot x4  
  115  13:33  Zealot x6  
  113  13:34  Zealot x3  
  113  13:35  Zealot x3  
  93  13:55  Stalker x4  
  75  13:56  Stalker x4  
  75  13:57  Stalker x6  
  75  13:58  Stalker x2  
  99  14:11  Blink (Chrono Boost)  
  99  14:13  Protoss Ground Weapons Level 3 (Chrono Boost)  
  91  14:27  Zealot x5  
  91  14:28  Zealot x5  
  111  14:31  High Templar x2  
  111  14:32  High Templar x4  
  119  14:40  Archon  
  119  14:41  Archon x2  
  119  14:48  High Templar x5  
  119  14:49  High Templar x5  
  119  14:52  Archon  
  139  14:53  Archon x4  
  139  15:05  Zealot x4  
  139  15:06  Zealot x2  
  135  15:21  Zealot x4  
  107  15:22  Zealot x6  
  89  15:52  High Templar  
  89  15:53  High Templar x6  
  89  15:54  High Templar x7  
  111  15:57  Zealot x2  
  111  15:59  Archon x3  
  111  16:00  Archon x3  
  111  16:01  Archon  
  115  16:20  Zealot  
  115  16:21  Zealot  
  115  16:22  Nexus  
  115  16:24  Pylon  
  119  16:25  Zealot  
  119  16:26  Zealot x2  
  113  16:44  Zealot x3  
  113  16:45  Zealot x6  
  113  16:46  Zealot x2  
  101  17:26  High Templar x6  
  101  17:27  High Templar x6  
  101  17:29  Zealot  
  127  17:30  Zealot x3  
  127  17:32  Archon x3  
  127  17:33  Archon x2  
  127  17:34  Archon  
  133  17:39  Probe x4  
  137  17:51  Zealot x3  
  137  17:52  Zealot  
  145  17:59  High Templar x4  
  145  18:01  Zealot x3  
  145  18:02  Zealot x3, Assimilator  
  165  18:06  Pylon  
  165  18:07  Assimilator  
  165  18:14  Zealot x2  
  165  18:15  Zealot x4  
  165  18:17  Archon x2  
  177  18:21  Protoss Shields Level 1 (Chrono Boost)  
  149  18:51  Zealot x2  
  149  18:52  Zealot x7  
  149  18:53  Zealot x5  
  149  18:54  Zealot  
  67  19:38  High Templar x2  
  67  19:39  High Templar x5  
  67  19:42  Stalker x3  
  67  19:45  Archon x3  
  87  19:47  Zealot  
  87  19:48  Zealot x3  
  87  19:49  Zealot  
  87  19:50  Zealot  
  99  20:06  High Templar  
  101  20:11  Archon  
  101  20:12  Stalker x2  
  101  20:13  Stalker x4  
  113  20:16  Zealot x2  
  113  20:17  Zealot x4  
  113  20:18  Zealot x3  
  131  20:35  Photon Cannon  
  131  20:38  Zealot x5  
  131  20:39  Zealot x6  
  131  20:40  Zealot x3  
  159  20:43  Stalker x2  
  163  21:01  High Templar x4  
  171  21:04  Stalker x3  
  171  21:07  Archon  
  171  21:08  Archon  
  177  21:14  Nexus  
  177  21:35  Assimilator  
  177  21:36  Pylon  
  177  21:38  Assimilator  
  135  21:56  Stalker  
  135  21:57  Stalker x6  
  135  21:58  Stalker x3  
  135  21:59  Stalker x4  
  135  22:00  Stalker  
  105  22:18  Stalker  
  105  22:19  Stalker  
  105  22:20  Stalker x3  
  105  22:22  Stalker  
  117  22:51  Stalker x4  
  117  22:52  Stalker x2  
  129  23:12  Photon Cannon  
  129  23:13  Stalker  
  129  23:14  Stalker x5  
  129  23:17  Stalker  
  101  24:03  Stalker x4  
  101  24:04  Stalker x6  
  101  24:05  Stalker x2  
  125  24:27  Stalker x2  
  125  24:28  Stalker x3  
  125  24:29  Stalker  
  129  25:23  Stalker x5  
  129  25:24  Stalker x4  
  129  25:25  Stalker x3  
  149  25:58  Stalker x2  
  149  25:59  Stalker x4  
  149  26:00  Stalker x2  
  149  26:01  Stalker  
Show
View Real Time Build Order
Export as new Build Order

Tolo Zerg 

Build Orders: Pool First 

Get SALT Encoding   

  12  0:17  Spawning Pool  
  11  0:22  Drone  
  11  0:27  Drone  
  13  0:31  Drone  
  14  0:40  Overlord  
  14  1:03  Queen  
  16  1:04  Zergling x4  
  16  1:07  Zergling x2  
  19  1:22  Drone  
  20  1:31  Drone  
  21  1:34  Extractor  
  20  1:45  Hatchery  
  20  1:46  Queen  
  21  1:54  Drone  
  21  1:58  Overlord  
  22  2:22  Drone x4  
  25  2:23  Drone  
  26  2:35  Drone  
  25  2:48  Drone  
  26  2:58  Queen x2  
  28  3:00  Drone x2  
  32  3:08  Roach Warren  
  31  3:15  Overlord  
  31  3:19  Metabolic Boost  
  31  3:33  Extractor, Drone  
  31  3:34  Evolution Chamber  
  31  3:35  Drone  
  31  3:37  Evolution Chamber  
  30  3:46  Drone x3  
  33  3:49  Drone  
  34  4:04  Zerg Ground Armor Level 1, Zerg Missile Weapons Level 1  
  34  4:06  Drone  
  34  4:09  Drone  
  36  4:22  Lair  
  36  4:28  Extractor  
  35  4:42  Hatchery  
  34  4:48  Roach x3  
  40  4:58  Drone x3  
  40  4:59  Drone  
  44  5:08  Overlord x2  
  44  5:23  Glial Reconstitution  
  44  5:44  Drone x14  
  58  5:50  Extractor  
  58  5:53  Pneumatized Carapace  
  58  5:56  Burrow  
  57  6:10  Roach x4  
  65  6:13  Ravager  
  65  6:15  Overlord  
  65  6:17  Overlord  
  66  6:21  Zerg Missile Weapons Level 2  
  66  6:33  Overlord x2  
  66  6:35  Roach x2  
  66  6:36  Roach  
  72  6:49  Drone x2  
  74  6:55  Spore Crawler  
  74  6:56  Roach x6  
  85  7:22  Zerg Ground Armor Level 2  
  85  7:29  Infestation Pit, Roach  
  86  7:30  Roach x4  
  86  7:31  Overlord  
  86  7:32  Drone x3  
  97  7:58  Hatchery  
  96  8:09  Roach x4  
  96  8:10  Roach  
  96  8:11  Overlord x4  
  96  8:12  Overlord  
  106  8:37  Roach x10  
  106  8:38  Roach  
  106  8:40  Ravager x2  
  130  8:51  Drone x5  
  135  9:08  Roach  
  137  9:11  Overlord x6  
  135  9:29  Roach x6  
  147  9:42  Hive  
  149  10:00  Roach x7  
  149  10:02  Overlord x4  
  149  10:06  Overseer x2  
  151  10:26  Roach  
  151  10:27  Roach x12  
  177  10:40  Drone x3  
  168  11:13  Roach  
  168  11:14  Roach x13  
  196  11:53  Ravager x4  
  200  12:02  Hatchery  
  200  12:06  Zerg Missile Weapons Level 3, Zerg Ground Armor Level 3  
  183  12:16  Roach x8  
  183  12:20  Overseer  
  199  12:23  Roach x51  
  199  12:26  Tunneling Claws  
  195  13:04  Roach  
  195  13:05  Roach x4  
  163  13:15  Roach  
  163  13:16  Roach x22  
  150  13:34  Roach x10  
  132  13:35  Roach x2  
  144  13:44  Roach  
  144  13:45  Roach x3  
  144  13:47  Overseer  
  140  14:13  Roach  
  140  14:14  Roach x12  
  166  14:17  Extractor  
  166  14:18  Extractor  
  166  14:23  Overseer x2  
  160  14:30  Roach  
  160  14:39  Drone x4  
  160  14:40  Drone x4  
  168  15:02  Overseer x2  
  124  15:27  Roach  
  124  15:28  Roach x14  
  120  15:40  Roach  
  120  15:41  Roach x4  
  108  16:01  Roach  
  108  16:02  Roach x9  
  128  16:18  Roach x8  
  142  16:21  Queen x2  
  142  16:22  Queen x3  
  152  16:39  Zerg Melee Weapons Level 1  
  140  16:45  Queen x3  
  118  16:52  Roach  
  118  16:53  Roach x21  
  118  16:54  Roach  
  120  17:10  Roach  
  120  17:11  Roach x11  
  129  17:22  Drone x4  
  121  17:37  Hatchery  
  121  17:39  Extractor  
  121  17:40  Extractor  
  121  17:41  Spine Crawler  
  117  17:53  Roach x7  
  117  17:54  Overseer  
  117  17:55  Ravager  
  117  17:56  Ravager x4  
  136  17:59  Spine Crawler  
  137  18:27  Roach x6  
  137  18:28  Roach x5  
  157  18:47  Queen x2  
  157  18:48  Queen x5  
  136  18:54  Roach x5  
  136  18:55  Roach x6  
  78  19:26  Roach x11  
  78  19:27  Roach  
  94  19:46  Roach  
  94  19:47  Roach x5  
  106  19:56  Extractor  
  106  19:57  Extractor  
  104  20:08  Spire  
  104  20:10  Spire  
  104  20:13  Overseer  
  102  20:30  Overseer  
  102  20:49  Roach  
  104  20:50  Roach x20  
  144  21:00  Roach x26  
  144  21:15  Hatchery  
  143  21:28  Greater Spire  
  143  21:29  Zerg Flyer Weapons Level 1  
  143  21:38  Roach x9  
  152  21:50  Overseer  
  117  21:59  Roach  
  117  22:00  Roach x4  
  74  22:20  Roach  
  74  22:21  Roach x4  
  84  22:34  Drone x6  
  90  22:39  Drone x2  
  90  22:43  Extractor  
  91  22:45  Extractor  
  91  22:50  Zerg Flyer Armor Level 1  
  90  22:52  Drone  
  90  22:53  Drone x5  
  96  23:47  Roach x13  
  96  23:48  Roach  
  74  24:20  Hatchery  
  74  24:22  Corruptor x2  
  77  24:33  Drone x4  
  76  25:00  Brood Lord x2  
  76  25:02  Roach  
  76  25:03  Roach x3  
  29  25:37  Roach  
  29  25:38  Roach x6  
Tags
 
Add a new tag
Caveats
  • Supply blocks, unpowered buildings, or Contaminate may cause inaccurate times.
  • Supply counts are checked every 10 seconds.